[Event "Live Chess"]
[Site "Chess.com"]
[Date "2023.05.21"]
[Round "-"]
[White "HoarseyHorsey"]
[Black "wot-not"]
[Result "1/2-1/2"]
[WhiteElo "1466"]
[BlackElo "1529"]
[TimeControl "300"]
[EndTime "5:57:02 PDT"]
[Termination "Game drawn - insufficient material"]

1. d4 Nf6 2. c4 g6 3. f3 d5 4.
cxd5 Qxd5 5. Nc3 Qa5 6. Bd2 Qb6 7. Qc2 Bg7 8. e4 O-O 9. Nge2 c5 10. e5 Ne8 11. Be3 Bf5 12. Qd2 cxd4 13. Bxd4 Qd8 14. Ng3 Nc6 15. O-O-O Nxd4 16. Qxd4 Qxd4 17. Rxd4 Nc7 18.
Nxf5 gxf5 19. Rd7 Bxe5 20. Rxe7 Bxc3 21. bxc3 Nd5 22. Rd7 Nxc3 23. Bc4 Rac8 24. Bb3 Nxa2+ 25. Kb2 Nb4 26. Re1 a5 27. Ree7 b5 28. Rxf7 Rxf7 29. Bxf7+ Kf8 30. Be6 Rc2+ 31. Kb1 f4 32. Rb7 Rxg2 33.
Rxb5 Rxh2 34. Rxa5 Rf2 35. Rb5 Nd3 36. Bd5 Ne1 37. Rb3 h5 38. Rb6 h4 39. Rh6 Nxf3 40.
Bxf3 Rxf3 41. Rxh4 Rg3 42. Rxf4+ Kg7 43. Kc2 Kg6 44. Rf2 Kg5 45. Re2 Kg4 46. Kd2 Kf3 47. Re3+ Kf4 48. Re2 Kg4 49. Re4+ Kh3 50. Re2 Rg2 51.
Rxg2 Kxg2 1/2-1/2

[Event "Live Chess"]
[Site "Chess.com"]
[Date "2023.05.21"]
[Round "-"]
[White "LordBenin"]
[Black "MarkLim1"]
[Result "0-1"]
[WhiteElo "1367"]
[BlackElo "1707"]
[TimeControl "300"]
[EndTime "5:57:18 PDT"]
[Termination "MarkLim1 won by resignation"]

1. d4 c6 2. e4 d5 3. e5 c5 4. Nf3 Nc6 5. dxc5 Bg4 6. Bf4 e6 7. h3 Bxf3 8. Qxf3 Bxc5 9. Bb5 Qb6 10. Nc3 a6 11. Bd3 Qxb2 12. O-O Qxc3 13. Rab1 Nge7 14.
Rxb7 Nxe5 15. Bb5+ axb5 16. Qxc3 Nc4 17. Rb8+ Rxb8 18.
Bxb8 O-O 19. Bg3 Nf5 20. Rb1 Nxg3 21. Rxb5 Ne2+ 22. Kh2 Nxc3 23. Rxc5 Nxa2 0-1

[Event "Live Chess"]
[Site "Chess.com"]
[Date "2023.05.21"]
[Round "-"]
[White "Tiltador"]
[Black "Anirudh_23"]
[Result "0-1"]
[WhiteElo "846"]
[BlackElo "1890"]
[TimeControl "300"]
[EndTime "5:57:23 PDT"]
[Termination "Anirudh_23 won by checkmate"]

1. e4 e6 2. Nf3 d5 3. Bb5+ c6 4. Be2 dxe4 5. Ng1 Bc5 6. d3 Nf6 7. Be3 Bxe3 8. fxe3 Qb6 9. b3 Qxe3 10. Nc3 exd3 11.
Qxd3 Qxd3 12. Bxd3 O-O 13. O-O-O Nd5 14. Nxd5 exd5 15.
Nf3 Bg4 16. h3 Bxf3 17. gxf3 Nd7 18. f4 Rae8 19. Rhg1 Kh8 20. h4 Re3 21. h5 Nf6 22.
h6 gxh6 23. Rg2 Rg8 24. Rxg8+ Kxg8 25. Rg1+ Kf8 26. Kb2 Rf3 27. f5 Ne4 28. a4 Rxf5 29.
Rh1 Rf6 30. Rh4 Re6 31. Ka3 a6 32. c4 f5 33. cxd5 cxd5 34. Rf4 Re5 35. Rh4 Kg7 36. Bxe4 dxe4 37. Rh1 e3 38. Rg1+ Kf6 39. Rg8 e2 40. Rf8+ Kg7 41. Rb8 Re7 42. Rc8 e1=Q 43. Rc5 a5 44.
Rxf5 Qa1# 0-1

[Event "Live Chess"]
[Site "Chess.com"]
[Date "2023.05.21"]
[Round "-"]
[White "stevochess11"]
[Black "Ed_Knox"]
[Result "0-1"]
[WhiteElo "1702"]
[BlackElo "1472"]
[TimeControl "300"]
[EndTime "5:57:28 PDT"]
[Termination "Ed_Knox won by checkmate"]

1. d4 g6 2. Nf3 Bg7 3. Nc3 d6 4. e4 a6 5. Be3 b5 6. Bd3 Bb7 7. Ne2 Nd7 8. Qd2 c5 9. c3 c4 10. Bc2 Ngf6 11. Ng3 O-O 12. O-O Qc7 13. Bh6 Qc6 14. Nf5 gxf5 15. Qg5 Ne8 16. Nh4 f6 17. Qg3 Rf7 18. f3 Kh8 19. Nxf5 Bxh6 20. Nh4 Rg7 21. e5 Rxg3 22. hxg3 dxe5 23. Be4 Qc7 24. Nf5 Bf8 25.
Rad1 Bxe4 26. fxe4 Ng7 27. dxe5 Nxe5 28. Nd4 Nd3 29.
Rd2 Qxg3 30. Ne2 Qd6 31. Nd4 e5 32. Nf3 Qc5+ 33. Kh1 Be7 34. Nh2 Nh5 35. Rf3 Rg8 36. Rh3 Ng3+ 37. Rxg3 Rxg3 38. Nf3 Nf4 39. Rd7 Rxg2 40.
Rxe7 Qf2 41. Re8+ Kg7 42. Re7+ Kh6 43. Rxh7+ Kxh7 44. Ng5+ Kg6 45. Nh3 Qf1+ 46. Ng1 Qxg1# 0-1

[Event "Live Chess"]
[Site "Chess.com"]
[Date "2023.05.21"]
[Round "-"]
[White "jumush"]
[Black "bedsdrout"]
[Result "0-1"]
[WhiteElo "1729"]
[BlackElo "1006"]
[TimeControl "300"]
[EndTime "5:57:30 PDT"]
[Termination "bedsdrout won by checkmate"]

1. e4 e5 2. Nc3 Qh4 3. Nf3 Qf6 4. Bc4 Bc5 5. d3 Ne7 6. Qe2 d6 7. Bg5 Qg6 8. g3 Qh5 9. Bxe7 Bg4 10. Bg5 Bxf3 11.
Qd2 Bxh1 12. Be3 Qxh2 13. Bxc5 Qg1+ 14. Ke2 Qxa1 15. Be3 c6 16. d4 Bg2 17. dxe5 Qf1# 0-1

[Event "Live Chess"]
[Site "Chess.com"]
[Date "2023.05.21"]
[Round "-"]
[White "Ayursworld"]
[Black "f4nomore"]
[Result "1-0"]
[WhiteElo "1384"]
[BlackElo "1379"]
[TimeControl "300"]
[EndTime "5:57:32 PDT"]
[Termination "Ayursworld won by resignation"]

1. e4 d6 2. Nf3 g6 3. d4 Bg7 4.
Bc4 e6 5. Nc3 Bd7 6. Be3 Ne7 7.
O-O O-O 8. Qd2 c6 9. Bh6 d5 10. exd5 cxd5 11. Bd3 Nbc6 12. a3 Nf5 13. Bxf5 exf5 14.
Nxd5 Be6 15. Bxg7 Kxg7 16. Nc3 Qd7 17. d5 Rad8 18. dxc6 Qxc6 19. Qg5 h6 20. Qf4 g5 21. Qe5+ f6 22. Qe3 Rde8 23. Qc1 Bc4 24. Re1 g4 25. Rxe8 Rxe8 26. Nd4 Qb6 27. Nxf5+ Kf7 28. Nxh6+ Kg6 29. Nxg4 Rd8 30. Qh6+ Kf5 31. Qh5+ Ke6 32. Re1+ Kd6 33. Rd1+ Kc7 34. Qh7+ Kc8 35. Qf5+ Be6 36. Rxd8+ Kxd8 37. Qxf6+ Kd7 38. Ne5+ Kd6 39. Nc4+ 1-0

[Event "Live Chess"]
[Site "Chess.com"]
[Date "2023.05.21"]
[Round "-"]
[White "mattihelenius2"]
[Black "SupremeTactician"]
[Result "0-1"]
[WhiteElo "491"]
[BlackElo "2241"]
[TimeControl "300"]
[EndTime "5:58:07 PDT"]
[Termination "SupremeTactician won by checkmate"]

1. d4 Nf6 2. Nf3 e6 3. Bf4 b6 4. Nbd2 Bb7 5. e3 Be7 6. Bc4 Nc6 7. c3 O-O 8. Qe2 d5 9. Bb5 a6 10. Bxc6 Bxc6 11. Ne5 Be8 12. O-O Bd6 13. Rae1 Nd7 14. b4 Bxe5 15. dxe5 f6 16. Bg3 fxe5 17. Nf3 Qf6 18. Bh4 Qg6 19. g3 Qg4 20. Kg2 Bh5 21.
h3 Qxf3+ 22. Qxf3 Bxf3+ 23. Kg1 h6 24. g4 g5 25. Bg3 e4 26. Bxc7 Rac8 27. Bxb6 Nxb6 28. a3 Rxc3 29. Rc1 Rfc8 30. Rce1 Rc2 31. Kh2 Rd2 32. Kg3 Rcc2 33. a4 Nxa4 34. Ra1 Ra2 35. h4 Rxa1 36. Rxa1 Nc3 37. Rxa6 Ne2+ 38. Kh3 Rd1 39. Ra2 Rh1# 0-1

[Event "Live Chess"]
[Site "Chess.com"]
[Date "2023.05.21"]
[Round "-"]
[White "TheSmoulderingMaster"]
[Black "lateforthesky"]
[Result "0-1"]
[WhiteElo "1640"]
[BlackElo "2133"]
[TimeControl "300"]
[EndTime "5:58:11 PDT"]
[Termination "lateforthesky won by resignation"]

1. e4 c5 2. Nf3 Nf6 3. e5 Nd5 4. d4 cxd4 5. Qxd4 e6 6. Nc3 Nc6 7. Qe4 Nxc3 8. bxc3 Be7 9. Bb5 Qa5 10. O-O Qxb5 11.
Qg4 g6 12. Bh6 Nxe5 13. Qd4 Nxf3+ 14. gxf3 Rg8 15. Rad1 Qh5 16. Bf4 d5 17. Rb1 b6 18.
Qa4+ Bd7 19. Qa6 Qxf3 20. Bg3 d4 21. cxd4 Bc6 0-1

[Event "Live Chess"]
[Site "Chess.com"]
[Date "2023.05.21"]
[Round "-"]
[White "onemoretime1975"]
[Black "diana21strabt"]
[Result "1-0"]
[WhiteElo "1879"]
[BlackElo "1746"]
[TimeControl "300"]
[EndTime "5:58:24 PDT"]
[Termination "onemoretime1975 won by checkmate"]

1. e4 d5 2. exd5 Qxd5 3. Nf3 Nf6 4. d4 Bg4 5. Be2 Nc6 6. c3 O-O-O 7. h3 Bh5 8. Be3 e5 9. Nxe5 Bxe2 10. Qxe2 Nxe5 11.
dxe5 Qxe5 12. O-O Bc5 13. Re1 Bxe3 14. Qxe3 Qxe3 15. fxe3 Rhe8 16. Na3 a6 17. Kf2 Rd2+ 18. Re2 Rxe2+ 19. Kxe2 Nd5 20. Nc2 f5 21. Rd1 Nxe3 22. Nxe3 f4 23. Rd3 fxe3 24. Rxe3 Rxe3+ 25. Kxe3 Kd7 26. Ke4 Ke6 27. h4 h5 28. g3 g6 29. Kf4 Kf6 30. Ke4 c6 31. a4 b6 32. b3 g5 33. b4 gxh4 34. gxh4 Ke6 35. c4 b5 36. axb5 axb5 37. c5 Kf6 38. Kf4 Ke6 39. Kg5 Kd5 40.
Kxh5 Kc4 41. Kg4 Kxb4 42. h5 Kxc5 43. h6 b4 44. h7 b3 45. h8=Q Kb4 46. Qb2 c5 47.
Kf3 c4 48. Ke3 c3 49. Qb1 Ka3 50. Qa1+ Kb4 51. Kd3 b2 52. Qa2 Kb5 53. Kxc3 b1=N+ 54. Qxb1+ Ka4 55. Qb4# 1-0

[Event "Live Chess"]
[Site "Chess.com"]
[Date "2023.05.21"]
[Round "-"]
[White "manthanit"]
[Black "zdanevych"]
[Result "0-1"]
[WhiteElo "1085"]
[BlackElo "1511"]
[TimeControl "300"]
[EndTime "5:58:27 PDT"]
[Termination "zdanevych won by resignation"]

1. e4 d5 2. exd5 c6 3. Nc3 cxd5 4. d4 Nc6 5. Nf3 Nf6 6. h3 a6 7. Ng1 Bf5 8. Bd3 Bxd3 9. Qxd3 e6 10. Nge2 h6 11. O-O Bd6 12. Bf4 Be7 13. a3 O-O 14.
Rac1 Qb6 15. Rb1 Na5 16. Na4 Qc6 17. Bd2 Qxa4 18. b4 Nc4 19. Bf4 Qxa3 20. Qxa3 Nxa3 21. c3 Nxb1 22. Rxb1 0-1

[Event "Live Chess"]
[Site "Chess.com"]
[Date "2023.05.21"]
[Round "-"]
[White "hturner40"]
[Black "JoshMcK"]
[Result "1-0"]
[WhiteElo "1779"]
[BlackElo "1563"]
[TimeControl "300"]
[EndTime "5:58:54 PDT"]
[Termination "hturner40 won by resignation"]

1. Nf3 Nf6 2. g3 g6 3. Bg2 Bg7 4. O-O O-O 5. d4 d5 6. c4 dxc4 7. Na3 Nc6 8. Nxc4 Be6 9. Nce5 Nxe5 10. Nxe5 Ng4 11. Bxb7 Rb8 12. Nc6 Qd7 13. Nxb8 Rxb8 14. Bf3 Qxd4 15. e3 Qxd1 16. Rxd1 Ne5 17. Be2 Bg4 18. Bxg4 Nxg4 19. Rb1 Ne5 20. f4 Nc4 21. b3 Nd6 22. Ba3 a5 23. Bxd6 cxd6 24. Rd5 Bc3 25. Rc1 Bg7 26. Rxa5 Bb2 27. Rc7 Bf6 28. Rca7 h5 29. Ra8 Rxa8 30. Rxa8+ Kg7 31. a4 Bc3 32. a5 Bb4 33. a6 Bc5 34. a7 Kf6 35. Kf2 Kf5 36.
Kf3 e6 37. e4+ Kf6 38. Ke2 e5 39. Kd3 exf4 40. gxf4 h4 41. Kc4 h3 42. e5+ dxe5 43.
Kxc5 1-0

[Event "Live Chess"]
[Site "Chess.com"]
[Date "2023.05.21"]
[Round "-"]
[White "LodeshChess"]
[Black "ViktorTheCoolBoy"]
[Result "0-1"]
[WhiteElo "1175"]
[BlackElo "2461"]
[TimeControl "300"]
[EndTime "5:59:02 PDT"]
[Termination "ViktorTheCoolBoy won by resignation"]

1. e4 e5 2. Nf3 Nc6 3. c3 Nf6 4.
d4 Nxe4 5. d5 Ne7 6. Nxe5 Nf6 7.
Bg5 d6 8. Bb5+ Nd7 9. Qf3 dxe5 10. O-O a6 11. Bxd7+ Bxd7 12. Re1 f6 13. Bh4 Ng6 14. Bg3 Bd6 15. Qe4 O-O 16. c4 f5 17. Qe2 f4 18.
Bxf4 Nxf4 19. Qf3 Nh3+ 20. Kh1 Rxf3 0-1

[Event "Live Chess"]
[Site "Chess.com"]
[Date "2023.05.21"]
[Round "-"]
[White "MartinWalker4"]
[Black "GEMdzq"]
[Result "0-1"]
[WhiteElo "2044"]
[BlackElo "2263"]
[TimeControl "300"]
[EndTime "5:59:03 PDT"]
[Termination "GEMdzq won by resignation"]

1. e4 d6 2. d4 Nf6 3. Nc3 g6 4. f4 Bg7 5. Nf3 O-O 6. e5 Nfd7 7. Be3 c5 8. dxc5 dxe5 9. fxe5 Nxe5 10. Be2 Ng4 11.
Qxd8 Rxd8 12. Bg1 Nc6 13. h3 Nge5 14. Rd1 Be6 15. a3 Nc4 16. Bxc4 Bxc4 17. Be3 h6 18. Kf2 f5 19. g4 e5 20. b3 Bf7 21.
gxf5 gxf5 22. Nh4 f4 23. Bc1 Nd4 24. Bb2 Bh5 25. Rd2 Bf6 26. Ng2 f3 27. Ne3 Bh4+ 28.
Kf1 Ne2 29. Rxd8+ Rxd8 30. Ne4 Bg6 0-1

[Event "Live Chess"]
[Site "Chess.com"]
[Date "2023.05.21"]
[Round "-"]
[White "Tiltador"]
[Black "Mugzwang"]
[Result "0-1"]
[WhiteElo "845"]
[BlackElo "1560"]
[TimeControl "300"]
[EndTime "5:59:05 PDT"]
[Termination "Mugzwang won by resignation"]

1. e4 c5 2. Nf3 Nc6 3. d3 d6 4. g3 Bg4 5. Be2 Nf6 6. O-O g6 7. Nh4 Bxe2 8. Qxe2 Nd4 9. Nc3 Nxe2+ 10. Nxe2 Bg7 11.
Nf4 O-O 12. Nd5 Nxd5 13. exd5 Qb6 14. b3 Bxa1 0-1

[Event "Live Chess"]
[Site "Chess.com"]
[Date "2023.05.21"]
[Round "-"]
[White "TheSmoulderingMaster"]
[Black "mattihelenius2"]
[Result "1-0"]
[WhiteElo "1640"]
[BlackElo "491"]
[TimeControl "300"]
[EndTime "5:59:16 PDT"]
[Termination "TheSmoulderingMaster won by resignation"]

1. e4 e5 2. Nf3 d5 3. Nxe5 Nf6 4.
d4 dxe4 5. Bc4 Qxd4 6. Qxd4 Nc6 7. Bxf7+ Ke7 8. Nxc6+ bxc6 9. Bb3 Be6 10. Qe5 Nd7 11.
Qxe6+ Kd8 12. O-O 1-0

[Event "Live Chess"]
[Site "Chess.com"]
[Date "2023.05.21"]
[Round "-"]
[White "LiamBellwood"]
[Black "MovebyMove"]
[Result "0-1"]
[WhiteElo "1922"]
[BlackElo "2479"]
[TimeControl "300"]
[EndTime "5:59:20 PDT"]
[Termination "MovebyMove won by checkmate"]

1. d4 d5 2. Nc3 Nf6 3. Bf4 c5 4. e4 Nxe4 5. Nxe4 dxe4 6. dxc5 Qa5+ 7. c3 Qxc5 8. Qa4+ Nc6 9. Qxe4 g6 10. Be3 Qa5 11. Nf3 Bg7 12. Bc4 Bf5 13. Qd5 O-O 14. O-O Qc7 15. Bb5 Ne5 16. Nxe5 Bxe5 17. f4 Bd6 18.
Rad1 a6 19. Be2 Rad8 20. Qf3 Bc5 21. Bxc5 Qxc5+ 22. Kh1 Qb6 23. b3 Rd6 24. Rxd6 exd6 25. Bc4 Re8 26. Qd1 Be4 27. Qg4 d5 28. Be2 Qe3 29. Qd7 Bxg2+ 30. Kxg2 Qxe2+ 31. Rf2 Qe4+ 32. Kg1 b5 33. f5 gxf5 34. Qxf5 Qxf5 35. Rxf5 Re2 36.
Rxd5 Rxa2 37. Rc5 Kg7 38. Rc6 f6 39. b4 Kg6 40. Rc5 f5 41. Rc6+ Kg5 42. Rc5 h5 43. Rd5 h4 44. Rd4 h3 45. Rd3 Kg4 46. Rd4+ f4 47.
Rd3 Rg2+ 48. Kh1 Re2 49. Rd4 Re1# 0-1

[Event "Live Chess"]
[Site "Chess.com"]
[Date "2023.05.21"]
[Round "-"]
[White "Chesscoach_Golichenko"]
[Black "Pablo_dmp"]
[Result "1-0"]
[WhiteElo "2620"]
[BlackElo "1875"]
[TimeControl "300"]
[EndTime "5:59:26 PDT"]
[Termination "Chesscoach_Golichenko won by resignation"]

1. d4 Nf6 2. c4 e6 3. Nc3 Bb4 4.
Qc2 O-O 5. e4 d5 6. e5 Ne4 7.
Bd3 c5 8. a3 Bxc3+ 9. bxc3 f5 10.
exf6 Nxf6 11. Nf3 Nc6 12. cxd5 exd5 13. O-O Bg4 14. Ne5 Bh5 15. Bg5 cxd4 16. Bxh7+ Kh8 17. Nxc6 bxc6 18. cxd4 Qb6 19. Bg6 Qxd4 20. Bxh5 Nxh5 21.
Qxc6 Rac8 22. Qg6 Nf4 23. Bxf4 Qxf4 24. Qh5+ Kg8 25. Qxd5+ Kh8 26. g3 Qf3 27. Rad1 Qxa3 28.
Qh5+ Kg8 29. Rd7 Rc5 30. Qg6 Qc3 31. Rxa7 Rcf5 32. Qe6+ Kh8 33. Ra4 g5 34. Qh6+ Kg8 35. Ra7 R5f7 36. Qxg5+ Kh8 37. Rxf7 Rxf7 38. Qe3 Qc7 39. h4 Kh7 40. Re1 1-0

[Event "Live Chess"]
[Site "Chess.com"]
[Date "2023.05.21"]
[Round "-"]
[White "Berdgross"]
[Black "toxic_rabbit"]
[Result "0-1"]
[WhiteElo "697"]
[BlackElo "1961"]
[TimeControl "300"]
[EndTime "5:59:29 PDT"]
[Termination "toxic_rabbit won by resignation"]

1. e4 e6 2. d4 d5 3. e5 c5 4. Nf3 Nc6 5. Bb5 Qb6 6. Bxc6+ bxc6 7. O-O cxd4 8. Nxd4 c5 9. Nb3 Ba6 10. Re1 Ne7 11.
Be3 Nc6 12. Bxc5 Bxc5 13. Nxc5 Qxc5 14. Nc3 O-O 15. a3 Rab8 16. b4 Qxc3 17. Re3 Qd4 18. Qxd4 Nxd4 19. c3 Nc2 0-1

[Event "Live Chess"]
[Site "Chess.com"]
[Date "2023.05.21"]
[Round "-"]
[White "NotHarryV"]
[Black "Hacker_2009"]
[Result "1-0"]
[WhiteElo "1520"]
[BlackElo "1923"]
[TimeControl "300"]
[EndTime "5:59:39 PDT"]
[Termination "NotHarryV won by resignation"]

1. d4 Nf6 2. c4 e6 3. Nf3 d5 4. g3 Be7 5. Bg2 O-O 6. O-O b6 7. Bg5 Bb7 8. Ne5 c5 9. cxd5 Nxd5 10.
Bxe7 Qxe7 11. dxc5 Qxc5 12. Qc1 Qxc1 13. Rxc1 Na6 14.
Nc3 Nxc3 15. Rxc3 Bxg2 16. Kxg2 Nc5 17. Rd1 Rfd8 18. Rxd8+ Rxd8 19. Nd3 Nxd3 20. Rxd3 Rxd3 21. exd3 Kf8 22. Kf3 Ke7 23. Ke4 Kd6 24. Kd4 a6 25.
b4 b5 26. f4 h5 27. a3 f6 28. Ke4 f5+ 29. Kd4 g6 30. h4 e5+ 31. fxe5+ Ke6 32. Kc5 Kxe5 33. d4+ Ke6 34. Kc6 Ke7 35. d5 Kd8 36. Kd6 g5 37. hxg5 h4 38. gxh4 f4 39.
g6 f3 40. g7 1-0

[Event "Live Chess"]
[Site "Chess.com"]
[Date "2023.05.21"]
[Round "-"]
[White "mliszewski"]
[Black "Ferrarifan27"]
[Result "0-1"]
[WhiteElo "1798"]
[BlackElo "2073"]
[TimeControl "300"]
[EndTime "5:59:52 PDT"]
[Termination "Ferrarifan27 won by resignation"]

1. d4 Nf6 2. Bg5 e6 3. Nd2 d5 4. e3 Be7 5. c3 O-O 6. Bd3 h6 7.
Bh4 Nbd7 8. f4 c5 9. Ngf3 c4 10. Bc2 b5 11. O-O a5 12. Ne5 Qb6 13. Ndf3 Re8 14. Nxd7 Nxd7 15. Ne5 Bxh4 16. Qh5 Nxe5 17. fxe5 Rf8 18. Qxh4 b4 19. Qg3 bxc3 20. bxc3 Qb2 21. Rac1 Qxa2 22. Bb1 Qb2 23. Rc2 Qb6 24. Rf6 Qxb1+ 25.
Kf2 Qxc2+ 26. Kf3 a4 27. Rxh6 Qf5+ 28. Ke2 a3 0-1

[Event "Live Chess"]
[Site "Chess.com"]
[Date "2023.05.21"]
[Round "-"]
[White "Man-Del-Brot"]
[Black "AyannaTang"]
[Result "0-1"]
[WhiteElo "1004"]
[BlackElo "230"]
[TimeControl "300"]
[EndTime "6:00:04 PDT"]
[Termination "AyannaTang won on time"]

1. d4 d5 2. Nf3 e5 3. Nxe5 Bd6 4. Nf3 Nf6 5. Nc3 Nc6 6. Bg5 Bb4 7. a3 Bxc3+ 8. bxc3 h6 9. Bd2 Bf5 10. h3 Qd6 11. e3 O-O-O 12. Be2 Ne7 13. O-O Bg6 14.
c4 Be4 15. Ne5 Rhe8 16. Bb4 Qe6 17. f4 Qf5 18. Bxe7 Rxe7 19. Bd3 h5 20. Bxe4 Nxe4 21. c5 Re6 22. Qe1 Rg6 23. Ra2 Qg5 24. c4 Qxg2+ 25.
Rxg2 Rxg2+ 26. Kxg2 g5 27. f5 g4 28. h4 g3 29.
cxd5 Rxd5 30. Nxf7 Rxf5 31. Rxf5 Nd6 32. Rxh5 Nxf7 33.
Qxg3 b5 34. Qg8+ Nd8 35. Rh8 b4 0-1

[Event "Live Chess"]
[Site "Chess.com"]
[Date "2023.05.21"]
[Round "-"]
[White "omisoc"]
[Black "grillage"]
[Result "1-0"]
[WhiteElo "2177"]
[BlackElo "1791"]
[TimeControl "300"]
[EndTime "6:00:07 PDT"]
[Termination "omisoc won by resignation"]

1. Nf3 Nf6 2. b3 d5 3. Bb2 c5 4. e3 Nc6 5. d4 Bg4 6. Be2 cxd4 7. Nxd4 Bxe2 8. Qxe2 e5 9. Nxc6 bxc6 10. Bxe5 Bc5 11.
O-O O-O 12. Nd2 Re8 13. Nf3 Ne4 14. c4 f6 15. Bd4 Qb6 16. Bxc5 Qxc5 17. Rac1 Qd6 18.
Rfd1 Rac8 19. Qd3 Nc5 20. Qc3 Ne4 21. Qa5 Qe6 22. Nd4 Qe5 23. cxd5 Nxf2 24. Kxf2 Qxe3+ 25. Kf1 cxd5 26. Rxc8 Rxc8 27. Qxd5+ Kh8 28. Qe6 Qf4+ 29. Nf3 1-0

[Event "Live Chess"]
[Site "Chess.com"]
[Date "2023.05.21"]
[Round "-"]
[White "quantum_void"]
[Black "Nazar_777"]
[Result "0-1"]
[WhiteElo "1492"]
[BlackElo "1570"]
[TimeControl "300"]
[EndTime "6:00:26 PDT"]
[Termination "Nazar_777 won by resignation"]

1. e4 e6 2. Nc3 a6 3. g3 h5 4. Bg2 c5 5. Nge2 Be7 6. d4 cxd4 7.
Nxd4 Nf6 8. Be3 Nc6 9. Qd2 Qc7 10. O-O-O b5 11. Kb1 Bb7 12. Nxc6 Bxc6 13. f4 Rc8 14. f5 Ng4 15. fxe6 dxe6 16. Bg5 b4 17. Ne2 Nf2 18. Rdf1 Nxh1 19. Bxh1 g6 20. Nd4 Bxg5 21.
Qxg5 Rf8 22. Qf6 Bb5 23. Rf2 Rd8 24. Nxe6 0-1

[Event "Live Chess"]
[Site "Chess.com"]
[Date "2023.05.21"]
[Round "-"]
[White "ProfPoisson"]
[Black "Duke_of_Bebington"]
[Result "0-1"]
[WhiteElo "1213"]
[BlackElo "1569"]
[TimeControl "300"]
[EndTime "6:00:27 PDT"]
[Termination "Duke_of_Bebington won on time"]

1. e4 e5 2. Nf3 Nf6 3. Nxe5 d6 4. Nxf7 Kxf7 5. Nc3 Be6 6. d4 Be7 7. d5 Bd7 8. Qf3 Rf8 9. h4 Kg8 10. h5 Bg4 11.
Qg3 Bxh5 12. Be2 Bg6 13. f4 Nxe4 14. Nxe4 Bxe4 15. f5 Bxf5 16. Bd3 Bxd3 17. Qxd3 Bh4+ 18. g3 Bxg3+ 19. Qxg3 Qe7+ 20. Be3 Re8 21. Kd2 Nd7 22. Rae1 Ne5 23. Kc1 Ng6 24. Bd4 Qf7 25. Rhf1 Qxd5 26.
Bc3 Rxe1+ 27. Rxe1 Rf8 28. Qg4 Qf5 29. Qc4+ Qf7 30.
Qxf7+ Rxf7 31. Re8+ Rf8 32. Rxf8+ Nxf8 33. Kd2 Ne6 34.
Ke3 h6 35. Ke4 g5 36. Kf5 Nf4 37. Bf6 Kf7 38. Bd8 Ne6 39. Bxc7 Nxc7 0-1

[Event "Live Chess"]
[Site "Chess.com"]
[Date "2023.05.21"]
[Round "-"]
[White "WelshTiger"]
[Black "Vitalii18a"]
[Result "1-0"]
[WhiteElo "2302"]
[BlackElo "1127"]
[TimeControl "300"]
[EndTime "6:00:44 PDT"]
[Termination "WelshTiger won by checkmate"]

1. e4 e5 2. Nf3 d6 3. d4 exd4 4.
Nxd4 Be7 5. Nc3 Nf6 6. Be2 c6 7. a4 O-O 8. O-O Bd7 9. f4 h6 10. Bf3 Nh7 11. Be3 c5 12. Ndb5 a6 13. Nxd6 Bxd6 14. Qxd6 Nc6 15. Rad1 Nd4 16. Bxd4 cxd4 17. Rxd4 Bc6 18. Qxd8 Raxd8 19. Rfd1 Rxd4 20. Rxd4 Nf6 21. e5 Bxf3 22. exf6 Bc6 23. fxg7 Kxg7 24. Kf2 Kg6 25. g4 f5 26. Rd6+ Kg7 27. Kg3 fxg4 28. Kxg4 Kh7 29.
b4 Rg8+ 30. Kf5 Bf3 31. Ne4 Rf8+ 32. Nf6+ Kg7 33. Rd7+ Kh8 34. Rh7# 1-0

[Event "Live Chess"]
[Site "Chess.com"]
[Date "2023.05.21"]
[Round "-"]
[White "luckywookie"]
[Black "Leonid_Starozhilov"]
[Result "0-1"]
[WhiteElo "805"]
[BlackElo "2638"]
[TimeControl "300"]
[EndTime "6:00:52 PDT"]
[Termination "Leonid_Starozhilov won by checkmate"]

1. e4 c5 2. c3 Nf6 3. e5 Nd5 4. Nf3 Nc6 5. Bc4 Nb6 6. Bb3 c4 7. Bc2 d6 8. O-O dxe5 9. Re1 Bg4 10. h3 Bxf3 11. Qxf3 e6 12. a4 Bc5 13. b4 cxb3 14.
Bxb3 O-O 15. a5 Nd5 16. c4 Nd4 17. Qh5 Nxb3 18. cxd5 Nxa1 19. d3 Bd4 20. Bg5 f6 21. Be3 Qxd5 22. Bxd4 Qxd4 23. Re4 Qxd3 24. Rh4 Qxb1+ 25.
Kh2 g5 26. Qxh7+ Qxh7 27. Rxh7 Kxh7 28. g3 a6 29. h4 Nb3 30. hxg5 Nxa5 31. gxf6 Kg6 32.
g4 Kxf6 33. f3 Kg5 34. Kg3 Nc4 35. f4+ exf4+ 36. Kf3 Nd6 37. Kg2 Kxg4 38. Kf2 e5 39.
Kg2 e4 40. Kf2 b5 41. Ke2 b4 42. Kf2 a5 43. Ke2 a4 44. Kf2 a3 45. Ke2 b3 46.
Kf2 a2 47. Ke2 b2 48. Kf2 a1=R 49. Kg2 b1=R 50. Kf2 Rfb8 51. Ke2 Nc4 52. Kf2 R8a3 53. Ke2 f3+ 54. Kf2 e3# 0-1

[Event "Live Chess"]
[Site "Chess.com"]
[Date "2023.05.21"]
[Round "-"]
[White "FailsGambits"]
[Black "Brooms1989"]
[Result "1/2-1/2"]
[WhiteElo "1331"]
[BlackElo "1152"]
[TimeControl "300"]
[EndTime "6:01:02 PDT"]
[Termination "Game drawn by repetition"]

1. e4 e5 2. Nf3 Nc6 3. d4 exd4 4.
Nxd4 Nf6 5. Bg5 h6 6. Nxc6 bxc6 7. Bxf6 Qxf6 8. Nc3 Bc5 9. Qe2 O-O 10. O-O-O Qxf2 11. Qc4 Be3+ 12. Kb1 Rb8 13. g3 Qf6 14. Bd3 Qe6 15.
Qxe6 fxe6 16. Rhf1 Bb7 17. Ne2 d5 18. Nf4 Bxf4 19.
gxf4 dxe4 20. Bxe4 c5 21. Bxb7 Rxb7 22. Rd7 c4 23. c3 Rfb8 24. Rf2 c5 25. Rd6 Rb6 26. Rd7 R6b7 27. Rd6 Rb6 28. Rd7 R6b7 1/2-1/2

[Event "Live Chess"]
[Site "Chess.com"]
[Date "2023.05.21"]
[Round "-"]
[White "Conradical12"]
[Black "SavagePawn7"]
[Result "1-0"]
[WhiteElo "1584"]
[BlackElo "770"]
[TimeControl "300"]
[EndTime "6:01:03 PDT"]
[Termination "Conradical12 won by resignation"]

1. e4 d5 2. exd5 Nf6 3. Nf3 Nxd5 4. Bc4 e6 5. O-O Bd6 6. Re1 O-O 7. Bxd5 exd5 8. Nc3 c6 9. d3 Re8 10. Rxe8+ Qxe8 11. Bg5 f6 12. Be3 Bf5 13. Qd2 Nd7 14.
Re1 Qg6 15. Nh4 Qh5 16. Nxf5 Qxf5 17. f3 Qe5 18. g3 Re8 19. d4 Qh5 20. a3 c5 21.
dxc5 Bxc5 22. Bxc5 Rxe1+ 23. Qxe1 Nxc5 24. Nxd5 Kf7 25. Qe7+ Kg6 26. Nf4+ Kh6 27. Nxh5 1-0

[Event "Live Chess"]
[Site "Chess.com"]
[Date "2023.05.21"]
[Round "-"]
[White "viktorskliarov"]
[Black "LiamClery2020"]
[Result "1-0"]
[WhiteElo "2649"]
[BlackElo "1973"]
[TimeControl "300"]
[EndTime "6:01:03 PDT"]
[Termination "viktorskliarov won by resignation"]

1. e4 Nf6 2. Nc3 e5 3. Bc4 Nc6 4. d3 Bb4 5. Bg5 d6 6. Ne2 O-O 7. a3 Bxc3+ 8. Nxc3 Be6 9. Nd5 Bxd5 10. Bxd5 h6 11. h4 Qe7 12. Ba2 Nd4 13. Be3 Nc6 14. g4 Rad8 15. g5 Nd7 16. Qh5 Nd4 17. Bxd4 exd4 18. gxh6 Qf6 19. Rg1 g6 20. Rxg6+ 1-0

[Event "Live Chess"]
[Site "Chess.com"]
[Date "2023.05.21"]
[Round "-"]
[White "Alfiedog12"]
[Black "PantherCal"]
[Result "0-1"]
[WhiteElo "947"]
[BlackElo "1791"]
[TimeControl "300"]
[EndTime "6:01:09 PDT"]
[Termination "PantherCal won by resignation"]

1. d4 d5 2. Bf4 c6 3. Nf3 Nf6 4. e3 Bf5 5. Nbd2 e6 6. c3 Bd6 7. Bxd6 Qxd6 8. Be2 Nbd7 9. Qb3 b6 10. O-O O-O 11.
Rfe1 c5 12. Qb5 Rfd8 13. Nh4 Bg6 14. Nxg6 hxg6 15. Bf3 cxd4 16. exd4 a6 17. Qb3 Rac8 18. a3 b5 19. Qb4 Nb6 20. Qxd6 Rxd6 21. Nb3 Nc4 22.
Re2 Nd7 23. a4 b4 24. cxb4 Rb6 25. b5 axb5 26. a5 Ra6 27. Nc5 Nxc5 28. dxc5 Rxc5 29. Rc2 Rcc6 30. Rac1 Ne5 31. Rxc6 Rxc6 32. Rxc6 Nxc6 33. a6 Na7 34. Be2 Kf8 35. Bxb5 Nxb5 36. Kf1 Ke7 37. Ke2 Kd6 38. Kd3 Kc6 39. b4 Kb6 40. a7 Kxa7 41. f3 Kb6 42. g4 e5 43. h4 Nd6 44. Kc3 Kb5 45. h5 gxh5 46. gxh5 d4+ 47. Kd3 Kxb4 0-1